 Dungeon Crawl Stone Soup version 0.20.1-1-g8b1a95d (webtiles) character file.

19949 raph the Destroyer (level 12, -5/100 HPs)
             Began as a Purple Draconian Fire Elementalist on Oct 30, 2017.
             Was an Elder of Vehumet.
             Slain by a spiny frog (14 damage)
             ... on level 6 of the Lair of Beasts.
             The game lasted 00:57:56 (19522 turns).

raph the Destroyer (DrFE)                          Turns: 19522, Time: 00:57:56

Health: -5/100     AC: 13    Str:  9 (10) XL:     12   Next: 41%
Magic:  5/24       EV: 16    Int: 20 (21) God:    Vehumet [****..]
Gold:   734        SH:  5    Dex: 15 (18) Spells: 5/27 levels left

rFire    . . .     SeeInvis +   v - +4 short sword "Siufioh" {flame, Dex+3}
rCold    . . .     Gourm    .   G - +0 buckler
rNeg     . . .     Faith    .   (armour unavailable)
rPois    .         Spirit   .   i - +1 hat
rElec    .         Reflect  .   B - +0 cloak
rCorr    .         Harm     .   R - +0 pair of gloves
MR       +....     Rnd*Rage +   d - +1 pair of boots
Stlth    ++........             (no amulet)
Regen    0.3/turn               O - ring of see invisible
MPRegen  0.2/turn               g - +3 ring of dexterity

@: lethally poisoned (-5 -> -17), very slightly contaminated, hasted and slowed,
invisible, very slow
A: breathe power, unfitting armour, horns 1, berserk 1, cold-blooded, AC +8
a: Breathe Dispelling Energy, Renounce Religion


You were on level 6 of the Lair of Beasts.
You worshipped Vehumet.
Vehumet was greatly pleased with you.
You were near starving.

You visited 3 branches of the dungeon, and saw 14 of its levels.

You collected 734 gold pieces.

Inventory:

Hand Weapons
 e - a +0 dagger
 o - a +2 flail of protection
 v - the +4 short sword "Siufioh" (weapon) {flame, Dex+3}
   (You found it on level 5 of the Dungeon)

   It has been specially enchanted to burn those struck by it, causing extra
   injury to most foes and up to half again as much damage against particularly
   susceptible opponents.
   It affects your dexterity (+3).
 y - a +1 dagger of protection
Missiles
 s - 14 tomahawks (quivered)
Armour
 d - a +1 pair of boots (worn)
 i - a +1 hat (worn)
 B - a +0 cloak (worn)
 G - a +0 buckler (worn)
 R - a +0 pair of gloves (worn)
Jewellery
 g - a +3 ring of dexterity (right hand)
 O - a ring of see invisible (left hand)
Wands
 c - a wand of confusion (26/48)
 j - a wand of iceblast (3/15)
 x - a wand of digging (19/24)
 H - a wand of polymorph (10/24)
 I - a wand of disintegration (6/24)
 L - a wand of disintegration (11/24)
 N - a wand of iceblast (2/15)
 Q - a wand of disintegration (0/24)
Scrolls
 h - 5 scrolls of recharging
 p - a scroll of magic mapping
 z - 2 scrolls of amnesia
 D - a scroll of enchant weapon
 E - a scroll of identify
 T - a scroll of remove curse
Potions
 f - 3 potions of brilliance
 l - a potion of agility
 m - 3 potions of might
 n - 2 potions of flight
 r - 4 potions of cancellation
 t - a potion of heal wounds
 F - 2 potions of degeneration
 J - a potion of magic {unknown}
 P - a potion of resistance {unknown}
 S - a potion of berserk rage {unknown}
Books
 a - a book of Flames

   Spells                             Type                      Level
   a - Flame Tongue                   Conjuration/Fire             1
   b - Throw Flame                    Conjuration/Fire             2
   c - Conjure Flame                  Conjuration/Fire             3
   d - Inner Flame                    Hexes/Fire                   3
   e - Sticky Flame                   Conjuration/Fire             4
   f - Fireball                       Conjuration/Fire             5
Miscellaneous
 K - a lamp of fire (inert)
 M - a fan of gales
Comestibles
 b - 14 bread rations
 k - 3 meat rations
 u - 20 royal jellies


   Skills:
 + Level 7.0 Fighting
 + Level 3.2 Short Blades
 + Level 6.5 Dodging
 + Level 7.1 Stealth
 + Level 5.1 Shields
 + Level 8.0 Spellcasting
 * Level 10.1 Conjurations
 - Level 3.5 Hexes
 * Level 10.0 Fire Magic
 + Level 2.8 Evocations


You had 5 spell levels left.
You knew the following spells:

 Your Spells              Type           Power        Failure   Level  Hunger
a - Flame Tongue          Conj/Fire      #####        1%          1    None
b - Throw Flame           Conj/Fire      #####.       1%          2    None
c - Conjure Flame         Conj/Fire      #####...     1%          3    None
d - Inner Flame           Hex/Fire       #####...     1%          3    None
e - Sticky Flame          Conj/Fire      #####...     1%          4    ###....
f - Fireball              Conj/Fire      #####.....   1%          5    #####..
g - Shock                 Conj/Air       ####         1%          1    None
h - Mephitic Cloud        Conj/Pois/Air  ###.....     1%          3    None


Dungeon Overview and Level Annotations

Branches:
Dungeon (9/15)             Temple (1/1) D:6            Lair (3/6) D:9
 Shoals (0/4) Lair:3        Snake (0/4) Lair:2          Orc (0/2) D:9

Altars:
Ashenzari
Cheibriados
Dithmenos
Elyvilon
Fedhas
Gozag
Hepliaklqana
Kikubaaqudgha
Makhleb
Nemelex Xobeh
Okawaru
Qazlal
Ru
Sif Muna
Trog
Uskayaw
Vehumet
Xom
Yredelemnul
Zin
The Shining One


Innate Abilities, Weirdness & Mutations

You can breathe bolts of dispelling energy.
Your rich purple scales are hard. (AC +8)
You cannot fit into any form of body armour.
You are cold-blooded and may be slowed by cold attacks.
You have a pair of small horns on your head.
You tend to lose your temper in combat.


Message History

The wind drake flaps its wings at you. The air twists around and strikes you!
* * * LOW HITPOINT WARNING * * *
The hornet barely misses you.
It was a potion of degeneration.
There was something very wrong with that liquid.
You feel weakened.
You feel dopey.
You feel clumsy.
* * * LOW HITPOINT WARNING * * *
You feel sick. You block the hornet's attack.
The spiny frog closely misses you. The polar bear barely misses you.
The polar bear claws you.
* * * LOW HITPOINT WARNING * * *
The polar bear closely misses you.
The elephant is engulfed in blazing flames.
You block the hornet's attack.
The komodo dragon is engulfed in blazing flames.
The komodo dragon misses you. The hornet closely misses you.
The elephant tramples you but does no damage.
The elephant misses you. The spiny frog stings you!
You die...

.≈≈ ..≈. ≈ #.≈≈
#≈≈# P #
##≈≈##≈≈##≈ .#≈
≈≈≈≈≈≈≈P≈P P≈≈≈
##≈..#≈≈.##≈.#
#P≈≈≈≈≈≈≈P≈≈≈#
#P≈P≈≈F8y≈≈P≈#
#8≈≈≈ly@l≈≈≈8#
#####khYY#####
#8≈≈≈≈llYH§≈≈#
#≈≈≈≈≈≈t≈≈≈≈≈#
#≈≈≈≈≈≈m≈≈≈≈§#
≈≈%≈≈#≈$)$?≈≈≈≈#
≈≈.≈#≈≈[≈≈?≈≈≈≈#
P≈.≈≈#≈)≈≈(≈≈≈≈#
≈≈#≈≈≈≈%($/≈≈≈≈#


You could see a dire elephant, a merfolk avatar, 2 elephants, a wind drake, a
polar bear, 3 komodo dragons, a spiny frog, a harpy, 2 hornets, a crocodile and
a wyvern.

Vanquished Creatures
  Gastronok (Lair:2)
  A hydra (Lair:3)
  3 two-headed ogres (D:9)
  A black mamba (Lair:2)
  2 merfolk sirens (Lair:3)
  2 spiny frogs (Lair:3)
  A komodo dragon (Lair:1)
  3 merfolk
  2 trolls (D:9)
  A queen bee (D:9)
  5 hippogriffs
  Prince Ribbit (D:8)
  A blink frog (Lair:3)
  Sigmund (D:3)
  3 wyverns
  2 basilisks (D:9)
  A hungry ghost (D:7)
  Menkaure (D:5)
  4 water moccasins
  5 porcupines
  2 phantoms
  2 sky beasts
  A swamp drake (D:9)
  8 ice beasts
  8 orc warriors
  The ghost of n3rD20 the Slasher, an amateur DrBe of Trog (D:3)
  2 black bears
  12 ogres
  4 centaurs
  8 crocodiles
  4 big kobolds (D:9)
  Blork the orc (D:5)
  12 bullfrogs
  6 gnoll sergeants
  6 scorpions
  28 killer bees
  3 wights (D:5)
  8 howler monkeys
  A crimson imp (D:8)
  3 bullfrog zombies
  3 centaur zombies
  6 hounds
  3 jellies
  6 orc priests
  12 orc wizards
  Crazy Yiuf (D:6)
  A bullfrog skeleton (D:5)
  4 iguanas
  Jessica (D:2)
  10 worker ants
  4 hell rats (Lair:1)
  3 hound skeletons
  A worker ant zombie (D:9)
  2 howler monkey skeletons
  9 adders
  7 gnolls
  2 shadow imps
  An ooze (D:1)
  An adder skeleton (D:6)
  2 worms (D:2)
  4 dart slugs
  7 leopard geckos
  44 orcs
  7 giant cockroaches
  6 goblins
  7 hobgoblins
  5 jackals
  5 kobolds
  5 quokkas
  7 bats
  5 frilled lizards
  A leopard gecko skeleton (D:4)
  A leopard gecko zombie (D:7)
  A quokka skeleton (D:5)
  A quokka zombie (D:6)
  7 rats
  A bush (Lair:2)
  A plant (Lair:6)
355 creatures vanquished.

Vanquished Creatures (others)
  An adder (D:9)
  3 fungi
  6 plants
10 creatures vanquished.

Grand Total: 365 creatures vanquished

Notes
Turn   | Place    | Note
-------+----------+-------------------------------------------
     0 | D:1      | raph the Draconian Fire Elementalist began the quest for the Orb.
     0 | D:1      | Reached XP level 1. HP: 14/14 MP: 3/3
   385 | D:1      | Reached XP level 2. HP: 20/20 MP: 0/5
   645 | D:1      | Learned a level 2 spell: Throw Flame
  1393 | D:2      | Reached XP level 3. HP: 26/26 MP: 0/6
  1456 | D:2      | Learned a level 3 spell: Conjure Flame
  1518 | D:2      | Noticed Jessica
  1537 | D:2      | Killed Jessica
  1677 | D:1      | Reached XP level 4. HP: 34/34 MP: 2/7
  2418 | D:2      | Reached skill level 1 in Fighting
  2504 | D:3      | Noticed n3rD20's ghost (amateur DrBe)
  2619 | D:3      | Noticed Sigmund
  2640 | D:4      | Reached XP level 5. HP: 40/40 MP: 2/8
  2983 | D:4      | Reached XP level 6. HP: 42/48 MP: 2/9
  3168 | D:4      | Learned a level 3 spell: Inner Flame
  4280 | D:4      | Your scales start taking on a rich purple colour.
  4280 | D:4      | Reached XP level 7. HP: 55/55 MP: 8/12
  4345 | D:5      | Entered Level 5 of the Dungeon
  4356 | D:5      | Found a shattered altar of Ashenzari.
  4508 | D:5      | Noticed Menkaure
  4594 | D:5      | Killed Menkaure
  4594 | D:5      | Reached skill level 5 in Fire Magic
  4688 | D:5      | Learned a level 4 spell: Sticky Flame
  4862 | D:5      | Noticed Blork the orc
  4869 | D:5      | Killed Blork the orc
  5150 | D:5      | Reached XP level 8. HP: 63/63 MP: 0/14
  5742 | D:5      | Reached skill level 5 in Conjurations
  5898 | D:5      | Got a fine short sword
  5899 | D:5      | Identified the +4 short sword "Siufioh" {flame, Dex+3} (You found it on level 5 of the Dungeon)
  6696 | D:3      | Killed n3rD20's ghost
  7032 | D:3      | Killed Sigmund
  7551 | D:6      | Reached XP level 9. HP: 69/71 MP: 6/16
  7970 | D:6      | Reached skill level 5 in Spellcasting
  8423 | D:6      | Reached skill level 5 in Stealth
  8899 | D:6      | Found a runed door.
  8903 | D:6      | Noticed Crazy Yiuf
  8907 | D:6      | Killed Crazy Yiuf
  9128 | D:6      | Learned a level 5 spell: Fireball
  9222 | D:6      | Found a staircase to the Ecumenical Temple.
  9231 | Temple   | Entered the Ecumenical Temple
  9312 | Temple   | Became a worshipper of Vehumet
 10362 | D:7      | Reached * piety under Vehumet
 10362 | D:7      | Offered knowledge of Shock by Vehumet.
 10427 | D:7      | Learned a level 1 spell: Shock
 10684 | D:7      | Reached skill level 5 in Dodging
 10797 | D:7      | Reached skill level 5 in Fighting
 10797 | D:7      | Reached XP level 10. HP: 75/81 MP: 7/18
 10919 | D:7      | Reached skill level 1 in Hexes
 11869 | D:8      | Noticed Prince Ribbit
 11878 | D:8      | Killed Prince Ribbit
 12683 | D:8      | Reached skill level 1 in Shields
 13753 | D:9      | Reached ** piety under Vehumet
 13753 | D:9      | Offered knowledge of Magic Dart by Vehumet.
 14264 | D:9      | Offered knowledge of Mephitic Cloud by Vehumet.
 14269 | D:9      | Learned a level 3 spell: Mephitic Cloud
 14391 | D:9      | Reached XP level 11. HP: 86/89 MP: 1/21
 14901 | D:9      | Found a staircase to the Orcish Mines.
 14902 | D:9      | Reached *** piety under Vehumet
 15164 | D:9      | Noticed a two-headed ogre
 15175 | D:9      | Killed a two-headed ogre
 15430 | D:9      | Offered knowledge of Static Discharge by Vehumet.
 15625 | D:9      | Noticed a two-headed ogre
 15637 | D:9      | Killed a two-headed ogre
 15758 | D:9      | Found a staircase to the Lair.
 15890 | D:9      | Noticed a two-headed ogre
 15898 | D:9      | Killed a two-headed ogre
 15898 | D:9      | Reached skill level 1 in Short Blades
 16563 | Lair:1   | Entered Level 1 of the Lair of Beasts
 16641 | Lair:1   | Reached skill level 1 in Evocations
 17930 | Lair:2   | Reached **** piety under Vehumet
 17969 | Lair:2   | Noticed Gastronok
 18006 | Lair:2   | Found a staircase to the Snake Pit.
 18024 | Lair:2   | HP: 3/91 [Gastronok/the air (23)]
 18064 | Lair:2   | Killed Gastronok
 18064 | Lair:2   | Reached XP level 12. HP: 25/97 MP: 10/23
 18694 | Lair:3   | Noticed a four-headed hydra
 18700 | Lair:3   | Killed a four-headed hydra
 18852 | Lair:3   | Reached skill level 10 in Conjurations
 18861 | Lair:3   | Offered knowledge of Lee's Rapid Deconstruction by Vehumet.
 19125 | Lair:3   | Found a staircase to the Shoals.
 19158 | Lair:3   | Found a frozen archway.
 19174 | Lair:3   | Reached skill level 5 in Shields
 19207 | Lair:3   | Noticed a six-headed hydra
 19467 | Lair:3   | Reached skill level 10 in Fire Magic
 19506 | Lair:3   | You fall through a shaft for 3 floors!
 19506 | Lair:6   | Entered Level 6 of the Lair of Beasts
 19506 | Lair:6   | Noticed a catoblepas
 19509 | Lair:6   | Noticed a death yak
 19513 | Lair:6   | Noticed a merfolk avatar
 19513 | Lair:6   | Noticed a dire elephant
 19517 | Lair:6   | Gained mutation: You tend to lose your temper in combat. [potion of mutation]
 19517 | Lair:6   | Gained mutation: You have a pair of small horns on your head. [potion of mutation]
 19522 | Lair:6   | Slain by a spiny frog

Skill      XL: |  1  2  3  4  5  6  7  8  9 10 11 12 |
---------------+-------------------------------------+-----
Stealth        | 2 3 4 5 6 7 |  7.1
Dodging        | 2 3 4 5 6 |  6.5
Conjurations   | 2 3 4 6 7 8 9 10 | 10.1
Fighting       | 1 2 3 4 5 6 7 |  7.0
Fire Magic     | 4 5 6 7 8 9 10 | 10.0
Spellcasting   | 3 4 5 6 7 8 |  8.0
Hexes          | 2 3 |  3.5
Shields        | 2 4 5 |  5.1
Short Blades   | 2 3 |  3.2
Evocations     | 2 |  2.8

Action                   |  1- 3 |  4- 6 |  7- 9 | 10-12 || total
-------------------------+-------+-------+-------+-------++-------
Melee: Dagger            |    41 |    12 |    49 |       ||   102
       Tailslap          |     2 |     3 |     8 |    31 ||    44
       Flail             |       |    13 |    10 |       ||    23
       Short sword       |       |       |    24 |   231 ||   255
Throw: Tomahawk          |       |       |       |     1 ||     1
 Cast: Flame Tongue      |    41 |    75 |   238 |   218 ||   572
       Throw Flame       |     6 |    18 |    57 |    46 ||   127
       Conjure Flame     |     1 |     2 |    24 |    19 ||    46
       Sticky Flame      |       |       |    25 |    76 ||   101
       Inner Flame       |       |       |     7 |     6 ||    13
       Fireball          |       |       |       |    39 ||    39
       Shock             |       |       |       |     7 ||     7
       Mephitic Cloud    |       |       |       |     2 ||     2
Evoke: Wand              |       |       |     1 |     8 ||     9
       Lamp of fire      |       |       |       |     1 ||     1
  Use: Scroll            |       |    10 |     7 |     8 ||    25
       Potion            |       |     1 |       |    10 ||    11
 Stab: Sleeping          |     2 |       |       |     4 ||     6
       Distracted        |       |       |       |     1 ||     1
  Eat: Chunk             |     3 |     5 |    16 |    33 ||    57
       Meat ration       |       |     1 |     1 |       ||     2
       Bread ration      |       |       |     1 |       ||     1
       Royal jelly       |       |       |     1 |     6 ||     7
       Fruit             |       |       |     1 |       ||     1
Armor: Skin              |    16 |    19 |    49 |   113 ||   197
Dodge: Dodged            |    51 |    27 |   111 |   311 ||   500
Block: Buckler           |       |       |       |    94 ||    94
